Map: Goldenaura LE

Players

SubN - Winner!

  • Race: Zerg Zerg
  • League: Diamond
  • Spawn Location: 12:00

ban

  • Race: Terran Terran
  • League: Diamond
  • Spawn Location: 5:00

VOD

Have the link to the VOD?

Description

Time

  • Played on: Dec. 24, 2023, 1:10 a.m.
  • Length: 22:35
Show
View Real Time Build Order
Export as new Build Order

SubN Zerg - Winner!

Build Orders: Pool First 

Get SALT Encoding   

  12  0:00  Drone  
  13  0:12  Overlord  
  13  0:18  Drone  
  14  0:30  Drone x2  
  14  0:34  Drone  
  17  0:44  Extractor  
  17  0:45  Drone  
  17  0:50  Spawning Pool  
  16  1:12  Hatchery  
  16  1:16  Drone  
  16  1:20  Drone  
  16  1:24  Drone  
  18  1:28  Drone  
  19  1:41  Queen  
  21  1:47  Metabolic Boost  
  21  1:54  Overlord  
  21  2:00  Overlord  
  21  2:05  Zergling x2  
  22  2:16  Zergling x2  
  23  2:36  Queen  
  23  2:37  Queen  
  27  2:44  Zergling x6  
  30  3:16  Drone x6  
  33  3:43  Drone x2  
  33  3:44  Overlord x2  
  33  4:00  Drone x2  
  33  4:01  Overlord x3  
  35  4:12  Drone x4  
  35  4:13  Drone x2  
  35  4:14  Hatchery  
  35  4:16  Extractor  
  39  4:18  Extractor  
  39  4:21  Lair  
  38  4:31  Drone x2  
  38  4:32  Drone x2  
  38  4:38  Baneling Nest  
  41  4:44  Drone  
  42  4:46  Drone x4  
  42  4:52  Queen  
  48  5:19  Zergling x8  
  52  5:22  Centrifugal Hooks  
  52  5:23  Drone x8  
  52  5:25  Queen  
  62  5:31  Queen  
  64  5:43  Drone x7  
  71  5:51  Overlord  
  71  5:52  Overlord x2  
  71  5:55  Drone x2  
  73  5:59  Drone  
  73  6:03  Hydralisk Den  
  73  6:04  Drone  
  73  6:09  Extractor  
  73  6:12  Queen  
  73  6:15  Extractor  
  73  6:16  Drone  
  73  6:17  Drone x3, Extractor  
  73  6:18  Drone x3  
  81  6:25  Drone x3  
  81  6:28  Overlord  
  81  6:30  Overseer  
  81  6:31  Overseer  
  83  6:33  Overlord, Queen  
  83  6:38  Overlord  
  83  6:39  Overlord  
  85  6:47  Drone  
  85  6:48  Drone  
  87  6:56  Evolution Chamber  
  87  6:57  Evolution Chamber  
  87  6:59  Muscular Augments  
  79  7:19  Drone  
  79  7:21  Zergling x4  
  79  7:22  Hydralisk x4, Zergling x6  
  85  7:23  Hydralisk x5  
  87  7:46  Drone x11  
  87  7:51  Zerg Missile Weapons Level 1  
  98  7:54  Zerg Ground Armor Level 1  
  98  7:58  Drone x2  
  100  7:59  Drone  
  100  8:03  Grooved Spines  
  97  8:45  Drone x2  
  97  8:46  Drone  
  93  8:59  Hydralisk x4  
  93  9:02  Zergling x24, Extractor  
  105  9:03  Hatchery  
  105  9:06  Extractor  
  103  9:23  Zergling x6  
  98  9:27  Baneling  
  98  9:28  Baneling x22  
  98  9:38  Overlord x2  
  98  9:39  Overlord x5  
  75  10:09  Zerg Missile Weapons Level 2  
  75  10:10  Zerg Ground Armor Level 2  
  75  10:11  Hydralisk x4  
  75  10:12  Hydralisk x7  
  75  10:13  Hydralisk x3  
  103  10:19  Drone x4  
  107  10:24  Queen  
  107  10:26  Hatchery  
  107  10:28  Queen  
  110  10:29  Drone x2  
  110  10:30  Drone x6  
  118  10:37  Infestation Pit  
  118  10:42  Overlord  
  117  10:43  Overlord  
  117  10:45  Overlord  
  117  10:47  Overseer x2  
  117  10:51  Hatchery  
  117  10:52  Overseer  
  116  11:03  Zergling x14  
  116  11:04  Zergling x16  
  131  11:09  Drone x2  
  133  11:11  Drone  
  133  11:13  Drone  
  133  11:16  Drone  
  136  11:27  Overlord  
  136  11:30  Drone x2  
  136  11:31  Drone  
  136  11:32  Drone x3  
  142  11:35  Drone x3  
  145  11:43  Pneumatized Carapace  
  145  11:44  Hive  
  145  12:00  Baneling x4  
  145  12:01  Baneling x11  
  145  12:02  Overlord x2  
  145  12:03  Overlord  
  145  12:07  Queen  
  147  12:08  Drone x2  
  147  12:09  Drone x3  
  147  12:12  Extractor  
  151  12:19  Infestor x5  
  161  12:22  Hydralisk  
  161  12:23  Hydralisk x2  
  161  12:25  Zergling x2  
  161  12:26  Zergling x32, Zerg Melee Weapons Level 1  
  171  13:02  Zergling x2  
  171  13:03  Zergling x50, Extractor  
  184  13:07  Drone x3  
  187  13:28  Baneling x5  
  187  13:29  Zergling x2, Baneling x4  
  187  13:30  Zergling x24  
  200  13:34  Baneling x4  
  200  13:35  Baneling x11  
  200  13:47  Overlord  
  189  14:21  Hatchery  
  152  14:30  Zergling x2  
  152  14:31  Zergling x36  
  155  14:32  Zergling x52  
  195  14:43  Zergling x10  
  200  15:04  Ultralisk Cavern  
  199  15:08  Zerg Melee Weapons Level 2  
  199  15:11  Zerg Ground Armor Level 3  
  143  15:22  Extractor  
  143  15:25  Zergling x2, Extractor  
  143  15:26  Zergling x58, Hydralisk x3  
  143  15:27  Zergling x8  
  173  15:42  Hydralisk x5  
  175  15:45  Baneling  
  175  15:46  Baneling x10  
  175  15:48  Baneling x10  
  175  15:49  Baneling x4  
  183  15:50  Baneling x10  
  183  15:55  Ultralisk x2  
  195  16:11  Ultralisk  
  200  16:14  Anabolic Synthesis  
  200  16:19  Adrenal Glands  
  200  16:57  Chitinous Plating  
  148  17:19  Ultralisk  
  148  17:20  Ultralisk x5  
  148  17:22  Zergling x2  
  178  17:23  Zergling x32  
  178  17:24  Zerg Missile Weapons Level 3  
  178  17:25  Overlord x4  
  194  17:43  Queen  
  196  17:45  Baneling x14  
  196  17:46  Baneling x5  
  196  17:53  Zergling x8  
  123  19:08  Ultralisk x3  
  123  19:09  Viper x4  
  153  19:11  Hydralisk  
  153  19:12  Zergling x16  
  153  19:13  Zergling x60  
  193  19:32  Hatchery x2, Extractor x2  
  193  19:34  Extractor  
  193  19:35  Extractor  
  187  19:51  Ultralisk x2  
  199  20:17  Zergling x2  
  199  20:19  Baneling  
  199  20:20  Baneling x27  
  199  20:21  Baneling  
  200  20:22  Baneling x3  
  159  21:25  Ultralisk x3  
  136  21:26  Ultralisk x2  
  136  21:27  Hydralisk  
  136  21:29  Zergling x28  
  136  21:30  Zergling x18  
  136  21:31  Ultralisk x2  
  181  21:33  Zergling x8  
  181  21:34  Zergling x30  
  200  22:01  Baneling  
  200  22:02  Baneling x21  
  200  22:11  Overlord  
  200  22:12  Overlord  
Show
View Real Time Build Order
Export as new Build Order

ban Terran 

Build Orders: Reaper Expand 

Get SALT Encoding   

  12  0:00  SCV  
  13  0:12  SCV  
  14  0:18  Supply Depot  
  14  0:25  SCV  
  15  0:39  SCV  
  15  0:41  Barracks  
  16  0:45  Refinery  
  16  0:51  SCV  
  17  1:04  SCV  
  18  1:16  SCV  
  19  1:28  Orbital Command, Reaper  
  20  1:42  Command Center  
  20  1:51  Supply Depot  
  20  1:54  SCV  
  21  2:07  SCV  
  22  2:09  Factory  
  22  2:12  Marine  
  23  2:19  SCV  
  24  2:31  SCV  
  25  2:41  Barracks Reactor  
  25  2:43  SCV  
  26  2:50  Command Center  
  26  2:57  Orbital Command  
  26  3:01  SCV  
  17  3:42  SCV x2  
  17  3:44  Hellion x2  
  21  3:54  Barracks Tech Lab, SCV x2  
  23  3:59  Starport  
  23  4:06  SCV x2  
  25  4:18  Refinery, SCV x2  
  25  4:23  Marine  
  28  4:31  Hellion  
  30  4:44  SCV  
  30  4:45  SCV  
  33  4:46  Orbital Command  
  32  4:56  SCV  
  32  4:57  SCV  
  34  5:01  Hellion x2  
  34  5:03  Viking  
  40  5:09  SCV x2  
  42  5:18  SCV  
  42  5:21  SCV x2  
  45  5:22  Hellion x2  
  45  5:24  Stimpack  
  49  5:30  SCV  
  49  5:33  Liberator, SCV  
  54  5:43  SCV x2  
  54  5:45  SCV  
  57  5:55  SCV  
  58  5:58  Supply Depot  
  58  5:59  Supply Depot  
  58  6:02  Engineering Bay x2  
  58  6:03  SCV  
  58  6:04  SCV  
  60  6:07  SCV  
  61  6:18  Barracks, Starport Reactor  
  61  6:19  Barracks  
  61  6:20  Factory Tech Lab, SCV x2  
  63  6:30  Terran Infantry Armor Level 1, Terran Infantry Weapons Level 1  
  63  6:33  Orbital Command  
  63  6:37  Refinery x2, Barracks  
  63  6:38  Barracks, SCV x2  
  65  6:44  Marine  
  66  6:49  Siege Tank  
  66  6:50  SCV x2  
  71  7:02  SCV x2  
  71  7:03  Combat Shield  
  71  7:05  SCV  
  74  7:14  SCV  
  74  7:15  Starport Reactor  
  75  7:17  SCV  
  73  7:44  SCV x3  
  67  7:55  Marine x2  
  67  7:56  SCV x3, Medivac  
  77  7:59  Medivac  
  77  8:00  Barracks Reactor x2  
  77  8:01  Marine  
  77  8:16  Supply Depot x2, SCV  
  77  8:18  Supply Depot, SCV x2  
  77  8:19  Supply Depot, Marine  
  76  8:21  Supply Depot  
  76  8:22  Supply Depot  
  76  8:23  Supply Depot  
  76  8:26  Marine x3  
  76  8:27  Marine  
  67  8:28  SCV  
  67  8:31  SCV x2  
  68  8:34  Siege Tank  
  68  8:36  Marine  
  68  8:37  Marine x3  
  68  8:38  Marine  
  70  8:43  SCV  
  70  8:44  Marine x4  
  72  8:53  Medivac x2  
  72  8:54  Marine  
  72  8:55  Marine x4  
  70  9:02  Barracks, Marine x3  
  67  9:03  Barracks  
  67  9:05  Barracks, Marine  
  67  9:06  Siege Tank  
  70  9:12  Marine  
  70  9:13  Marine x4  
  70  9:17  SCV x2  
  72  9:19  Marine  
  72  9:20  Marine x2  
  72  9:23  Marine  
  74  9:29  SCV x2  
  74  9:30  Marine x2  
  74  9:31  Marine x3  
  79  9:37  Marine  
  79  9:38  Marine x2  
  84  9:39  Command Center  
  84  9:40  Marine  
  84  9:41  SCV x2  
  87  9:48  Marine x2  
  87  9:49  Marine x3  
  92  9:53  SCV x2  
  92  9:55  Marine  
  95  10:05  SCV  
  84  10:17  Marine x2  
  84  10:18  Marine x6, Engineering Bay  
  92  10:22  Supply Depot  
  92  10:23  Supply Depot  
  92  10:28  SCV x2  
  94  10:32  Marine x2  
  94  10:33  Marine  
  97  10:37  Supply Depot  
  97  10:38  Marine x3  
  97  10:39  Supply Depot, Marine  
  97  10:40  SCV  
  102  10:43  SCV  
  103  10:57  Orbital Command  
  103  11:10  Supply Depot  
  103  11:11  Supply Depot, Command Center  
  103  11:13  Refinery  
  103  11:14  SCV  
  103  11:15  SCV  
  103  11:17  Marine  
  103  11:18  Marine x11, Armory  
  108  11:21  Siege Tank  
  108  11:24  Medivac  
  122  11:25  Medivac  
  122  11:26  SCV  
  122  11:27  SCV  
  126  11:35  Marine  
  126  11:36  Marine  
  128  11:40  Marine  
  128  11:41  Marine x6  
  128  11:42  Marine x2  
  128  11:43  Marine  
  138  11:51  SCV x2  
  138  11:52  SCV  
  138  11:53  Marine x2  
  143  11:55  Medivac  
  143  11:56  Medivac  
  143  11:58  Marine x2  
  149  12:03  SCV x2  
  149  12:04  SCV  
  149  12:07  Marine x2  
  149  12:08  Marine x3  
  157  12:09  Siege Tank  
  157  12:11  Marine x3  
  163  12:18  Refinery  
  163  12:19  Refinery, SCV x2  
  165  12:23  SCV  
  165  12:29  Terran Infantry Armor Level 2, Terran Infantry Weapons Level 2  
  166  12:31  Marine, Terran Vehicle Weapons Level 1  
  166  12:32  Marine x4  
  166  12:36  Ghost Academy  
  171  12:38  Barracks Tech Lab x3  
  171  12:41  Marine x3  
  174  12:44  Siege Tank  
  177  12:53  Supply Depot x2  
  163  13:05  Planetary Fortress  
  151  13:16  Siege Tank  
  154  13:25  Marine x10  
  154  13:26  Marine x2  
  166  13:27  Medivac  
  168  13:39  Refinery  
  168  13:41  Refinery  
  168  13:42  Marine  
  168  13:43  Marine x9, SCV x3  
  168  13:44  SCV  
  182  13:49  Marine  
  182  13:50  Missile Turret, Siege Tank  
  182  13:51  Missile Turret, Medivac  
  188  13:57  Medivac  
  188  14:02  Factory  
  190  14:06  Marine x5  
  195  14:10  Supply Depot, Personal Cloaking  
  195  14:18  Ghost x2  
  195  14:22  Siege Tank  
  182  14:32  Marine  
  182  14:33  Ghost x2  
  182  14:35  Marine  
  182  14:36  Marine x5  
  193  14:42  Terran Vehicle Weapons Level 2  
  193  14:46  Ghost x2  
  197  14:54  Command Center  
  197  15:01  SCV x3  
  200  15:14  Marine x8  
  174  15:15  Marine x4  
  135  15:31  Marine  
  135  15:32  Marine x9  
  135  15:33  Marine x2, Siege Tank  
  150  15:37  SCV  
  150  15:38  SCV x3  
  154  15:43  Terran Infantry Weapons Level 3  
  154  15:46  Terran Infantry Armor Level 3  
  154  15:51  Marauder x3  
  160  16:01  Marine x6  
  160  16:02  Missile Turret  
  166  16:17  Factory Tech Lab  
  166  16:19  Siege Tank  
  166  16:21  Marine  
  166  16:22  Marine x11  
  181  16:36  Siege Tank  
  181  16:39  Marine, Medivac x2  
  189  16:40  Marine x11  
  189  16:42  Fusion Core  
  189  16:46  Armory  
  181  17:08  Siege Tank  
  181  17:10  Marine x5  
  181  17:11  Marine x7  
  181  17:12  Siege Tank  
  153  17:27  Marine  
  153  17:28  Marine x4  
  153  17:29  Marine x3  
  161  17:32  Medivac x2  
  165  17:40  Siege Tank  
  165  17:44  Siege Tank  
  167  17:56  SCV  
  167  17:57  SCV x2  
  169  18:03  Marine  
  169  18:04  Command Center  
  170  18:07  Marine  
  170  18:08  Marine, SCV  
  170  18:09  SCV  
  174  18:13  Siege Tank  
  174  18:17  Planetary Fortress  
  177  18:23  SCV x2  
  179  18:36  Ghost  
  179  18:37  Marauder x2  
  119  18:54  Siege Tank x2  
  122  18:59  Marine x11  
  122  19:00  Supply Depot  
  133  19:05  Marauder  
  133  19:06  Concussive Shells  
  135  19:14  Terran Vehicle Weapons Level 3  
  135  19:16  Terran Vehicle And Ship Armor Level 1  
  135  19:18  Marauder  
  135  19:21  Marine x6  
  135  19:22  Marine x2  
  135  19:24  Advanced Ballistics  
  145  19:26  Siege Tank  
  145  19:27  Liberator  
  145  19:30  Liberator  
  154  19:40  SCV x2  
  154  19:41  SCV x2  
  158  20:10  Command Center  
  158  20:14  Marine x5  
  163  20:29  Marine  
  163  20:30  Marine, Siege Tank  
  163  20:31  Liberator, Siege Tank  
  163  20:33  Liberator  
  177  20:57  Starport  
  177  20:58  Starport  
  130  21:20  Marauder x2  
  130  21:23  Marine  
  130  21:24  Marauder x2  
  117  21:32  Planetary Fortress  
  117  21:41  Marauder  
  117  21:42  Marauder  
  121  21:47  Siege Tank  
  124  21:57  Supply Depot  
  124  21:59  Supply Depot  
Tags
 
Add a new tag
Caveats
  • Supply blocks, unpowered buildings, or Contaminate may cause inaccurate times.
  • Supply counts are checked every 10 seconds.